 Dungeon Crawl Stone Soup version 0.30-a0-122-g2a1322497e (webtiles) character file.

Game seed: 7658541305587173804

39021 snarfax the Severer (level 14, -14/94 HPs)
             Began as a Gargoyle Fighter on Sept 15, 2022.
             Demolished by an enormous slime creature (40 damage)
             ... on level 4 of the Lair of Beasts on Sept 16, 2022.
             The game lasted 00:43:17 (12480 turns).

snarfax the Severer (Gargoyle Fighter)             Turns: 12480, Time: 00:43:18

Health: -14/94     AC: 33    Str: 24    XL:     14   Next: 4%
Magic:  14/14      EV:  7    Int: 10    God:
Gold:   1750       SH:  7    Dex:  9    Spells: 13/13 levels left

rFire   + . .      SeeInvis .    j - +4 war axe (venom)
rCold   . . .      Faith    .    c - +3 buckler
rNeg    + . .      Spirit   .    a - +2 plate armour {rF+}
rPois   ∞          Reflect  .    (no helmet)
rElec   +          Harm     .    m - +0 cloak
rCorr   +          Rampage  .    (no gloves)
Will    +....                    A - +2 pair of boots
Stlth   ..........               r - amulet of regeneration
HPRegen 1.05/turn                C - ring of resist corrosion
MPRegen 0.14/turn                e - +4 ring of slaying

@: flying, hasted, very quick
A: sickness immunity, AC +10, big wings, negative energy resistance 1,
electricity resistance, torment resistance 1, petrification resistance
a: no special abilities


You were on level 4 of the Lair of Beasts.
You visited 3 branches of the dungeon, and saw 16 of its levels.
You also visited: Ossuary and Volcano.

You collected 1750 gold pieces.

Inventory:

Hand Weapons
 d - a +2 scimitar of flaming
 j - a +4 war axe of venom (weapon)
 R - a +0 demon whip of venom
Missiles
 n - 29 poisoned darts (quivered)
 M - 9 javelins
 N - 3 silver javelins
 S - 6 boomerangs
Armour
 a - a +2 plate armour of fire resistance (worn)
 c - a +3 buckler (worn)
 m - a +0 cloak (worn)
 o - a +0 chain mail
 x - a +3 scale mail of fire resistance
 A - a +2 pair of boots (worn)
 P - a +0 plate armour
Jewellery
 e - a +4 ring of slaying (right hand)
 r - an amulet of regeneration (around neck)
 t - an amulet of guardian spirit
 v - a +4 ring of evasion
 C - a ring of resist corrosion (left hand)
 D - a +6 ring of strength
 E - a ring of ice
Wands
 q - a wand of flame (22)
 w - a wand of mindburst (22)
 B - a wand of light (10)
 G - a wand of iceblast (5)
 Q - a wand of digging (10)
 T - a wand of paralysis (5)
Scrolls
 h - 3 scrolls of poison
 s - 3 scrolls of identify
 y - 5 scrolls of teleportation
 z - 3 scrolls of silence
 F - 3 scrolls of amnesia
 J - a scroll of enchant weapon
 L - a scroll of enchant armour
 U - a scroll of summoning
Potions
 b - a potion of heal wounds
 f - 9 potions of curing
 g - 5 potions of attraction
 i - 2 potions of lignification
 k - 3 potions of brilliance
 l - a potion of ambrosia
 u - 2 potions of flight
 H - 2 potions of berserk rage
 I - a potion of magic
 K - a potion of might


   Skills:
 + Level 13.4 Fighting
 * Level 15.2 Axes
 - Level 2.5(11.0) Maces & Flails
 + Level 13.4 Armour
 - Level 5.0 Shields


You had 13 spell levels left.
You didn't know any spells.
Your spell library contained the following spells:

 Spells                   Type           Power      Damage    Failure   Level
 Summon Guardian Golem    Hex/Summ       0%         N/A       100%        3
 Agony                    Necr           0%         N/A       100%        5
 Orb of Destruction       Conj           0%         9d5       100%        7
 Spellforged Servitor     Conj/Summ      0%         N/A       100%        7
 Sublimation of Blood     Necr           Unusable   N/A       N/A         2

Dungeon Overview and Level Annotations

Branches:
Dungeon (11/15)            Temple (0/1) D:7            Lair (4/5) D:10
  Swamp (0/4) Lair:2        Snake (0/4) Lair:3        Slime (1/5) Lair:4
    Orc (0/2) D:10        Ossuary (visited)         Volcano (visited)

Altars:
Okawaru
Wu Jian

Shops:
D:3 :   D:6 **   D:7 [

Annotations:
D:8 Gastronok


Innate Abilities, Weirdness & Mutations

You are immune to sickness and miasma.
Your stone body is resilient. (AC +10)
You are immune to poison.
Your large and strong wings let you fly.
You resist negative energy. (rN+)
You are resistant to electric shocks. (rElec)
You are resistant to unholy torment.
You are immune to petrification.


Message History

The slime creature is almost dead.
You slice the fungus!!
Two slime creatures merge to form a large slime creature.
You hit the large slime creature.
The large slime creature looks as sick as possible!
The large slime creature is severely wounded.
You hit the fungus.
The fungus looks as sick as possible!
Two slime creatures merge to form an enormous slime creature.
You slice the large slime creature!!
The large slime creature is almost dead.
You completely miss the fungus.
You feel yourself slow down.
You slice the large slime creature!!
You kill the large slime creature!
You slash the fungus!
The fungus looks as sick as possible!
A large slime creature splits.
A nearby fungus withers and dies.
You block the enormous slime creature's attack.
The enormous slime creature attacks as you move away!
The enormous slime creature closely misses you.
The enormous slime creature attacks as you move away!
The enormous slime creature barely misses you.
The enormous slime creature attacks as you move away!
You block the enormous slime creature's attack.
There is a stone staircase leading up, spattered with blood here.
The enormous slime creature attacks as you move away!
The enormous slime creature barely misses you.
The enormous slime creature looks more healthy.
You hit the enormous slime creature.
The enormous slime creature is moderately wounded.
The enormous slime creature hits you!!
The enormous slime creature attacks as you move away!
The enormous slime creature hits you!
A polar bear comes into view.
The polar bear growls angrily.
The enormous slime creature attacks as you move away!
The enormous slime creature hits you!
* * * LOW HITPOINT WARNING * * *
You feel yourself speed up. The enormous slime creature hits you!!!
You die...

#...#...#........
...#........#...#.##....
...............#..##....
..................#.....
...#..................... #
..P.....................
##.#..h....................
#..#P......................
...P.P....@..#.P♣..........
.........J.#....P.........
##..#.....J.##.....P.......
#..P#.........P..P......P..
#...#..#........~~♣........
##.....##.......~~~♣.......
###.#.PP#........♣♣~~~~......
#.....P.P........P♣~~♣~P.....
#................~♣~~♣P....#


You could see an enormous slime creature, a large slime creature and a polar
bear.

Vanquished Creatures
  An ogre mage (Volcano)
  A boulder beetle (D:11)
  7 two-headed ogres
  6 death yaks
  A hell knight (Volcano)
  Amaemon (Lair:3)
  2 bog bodies (Lair:2)
  An ugly thing (D:11)
  4 black mambas
  5 elephants
  2 molten gargoyles (Volcano)
  A gargoyle (D:11)
  An orange demon (Lair:3)
  7 cane toads
  2 komodo dragons
  An unseen horror (D:11)
  2 trolls
  A queen bee (Lair:4)
  2 meliai (Lair:4)
  5 slime creatures
  24 blink frogs
  Sigmund (D:4)
  45 yaks
  7 fire bats (Volcano)
  A wraith (Ossuary)
  3 wyverns
  4 steam dragons
  2 wargs (D:10)
  2 acid dragons
  A water moccasin (Lair:3)
  6 black bears
  An orc warrior (D:10)
  11 wolves
  5 centaurs
  Blork the orc (D:4)
  4 kobold brigands
  11 bullfrogs
  3 necrophages (D:6)
  5 wights (D:9)
  18 killer bees
  The ghost of MrFrogsmire the Conjurer, a weakling DrCj of Nemelex Xobeh (D:4)
  An electric eel (Lair:1)
  2 howler monkeys (D:7)
  6 lava snakes (Volcano)
  An orc priest (D:5)
  2 gnoll boudas
  4 jellies
  6 iguanas
  2 orc wizards
  3 mummies (Ossuary)
  15 gnolls
  7 adders
  A shadow imp (D:6)
  A white imp (D:5)
  An ufetubus (D:6)
  3 worms
  2 dart slugs
  19 orcs
  8 endoplasms
  2 giant cockroaches
  5 hobgoblins
  2 jackals (D:3)
  21 kobolds
  2 ball pythons
  5 bats
  A frilled lizard (D:2)
  9 goblins
  2 goblin zombies (Ossuary)
  4 hobgoblin zombies (Ossuary)
  3 kobold zombies (Ossuary)
  3 rats (D:2)
352 creatures vanquished.

Vanquished Creatures (collateral kills)
  A hobgoblin (D:4)
1 creature vanquished.

Vanquished Creatures (others)
  A gnoll bouda (D:7)
  A gnoll (D:7)
  A kobold (D:7)
  A bush (Lair:3)
  22 fungi
  17 plants
43 creatures vanquished.

Grand Total: 396 creatures vanquished

Notes
Turn   | Place    | Note
-------+----------+-------------------------------------------
     0 | D:1      | snarfax the Gargoyle Fighter began the quest for the Orb.
     0 | D:1      | Reached XP level 1. HP: 14/14 MP: 1/1
    35 | D:1      | Reached XP level 2. HP: 19/19 MP: 2/2
   163 | D:1      | Found a faded altar of an unknown god.
   564 | D:1      | Reached XP level 3. HP: 20/23 MP: 3/3
  1040 | D:2      | Found an iron altar of Okawaru.
  1519 | D:2      | Reached skill level 1 in Axes
  1598 | D:3      | Found Vinihuq's Vocational Training.
  1605 | D:3      | Reached XP level 4. HP: 27/29 MP: 4/4
  1693 | D:3      | Reached XP level 5. HP: 17/33 MP: 5/5
  2104 | D:3      | Reached skill level 2 in Axes
  2614 | D:4      | Found a runed translucent gate.
  2614 | D:4      | Found a runed translucent gate.
  2614 | D:4      | Found a runed translucent gate.
  2616 | D:4      | Noticed MrFrogsmire's ghost (weakling DrCj)
  2620 | D:4      | Noticed Sigmund
  2630 | D:4      | Killed Sigmund
  2631 | D:4      | Reached skill level 3 in Axes
  2631 | D:4      | Reached XP level 6. HP: 39/39 MP: 6/6
  2872 | D:4      | Noticed Blork the orc
  2879 | D:4      | Killed Blork the orc
  2880 | D:4      | Reached XP level 7. HP: 10/44 MP: 7/7
  3136 | D:4      | Killed MrFrogsmire's ghost
  3137 | D:4      | Reached skill level 5 in Shields
  3176 | D:5      | Entered Level 5 of the Dungeon
  3304 | D:5      | Reached skill level 5 in Armour
  3397 | D:5      | Reached skill level 5 in Fighting
  3409 | D:5      | Reached skill level 4 in Axes
  3853 | D:5      | Reached XP level 8. HP: 43/50 MP: 8/8
  4047 | D:5      | Reached skill level 5 in Axes
  4088 | D:6      | Found Zunt's Fire Supplies.
  4118 | D:6      | Found Junurej's Serpentskin Sales.
  4125 | D:6      | Found a sand-covered staircase.
  4134 | Ossuary  | Entered an ossuary
  4134 | Ossuary  | Noticed a wraith
  4134 | Ossuary  | Noticed a wraith
  4134 | Ossuary  | Noticed a wraith
  4399 | Ossuary  | Noticed a wraith
  4407 | Ossuary  | Killed a wraith
  4703 | D:6      | Reached skill level 6 in Axes
  5369 | D:7      | Reached XP level 9. HP: 54/56 MP: 9/9
  5390 | D:7      | Found Vifu Huidd's Antique Armour Boutique.
  5536 | D:7      | Noticed a troll
  5548 | D:7      | Killed a troll
  5549 | D:7      | Reached skill level 7 in Axes
  5566 | D:7      | Found a staircase to the Ecumenical Temple.
  6254 | D:8      | Noticed Gastronok
  6676 | D:9      | Reached skill level 8 in Axes
  6971 | D:9      | Found an ornate altar of the Wu Jian Council.
  7048 | D:9      | Reached XP level 10. HP: 64/64 MP: 10/10
  7113 | D:9      | You fall into a shaft and drop 2 floors!
  7118 | D:10     | Entered Level 10 of the Dungeon
  7123 | D:10     | Reached skill level 9 in Axes
  7382 | D:10     | Found a staircase to the Orcish Mines.
  7409 | D:10     | Reached skill level 10 in Axes
  7498 | D:10     | Found a staircase to the Lair.
  7572 | D:10     | Reached XP level 11. HP: 71/71 MP: 11/11
  7867 | D:11     | Noticed a two-headed ogre
  7884 | D:11     | Killed a two-headed ogre
  7930 | D:11     | Noticed a two-headed ogre
  7941 | D:11     | Killed a two-headed ogre
  7946 | D:11     | Noticed a brown ugly thing
  7965 | D:11     | Killed a brown ugly thing
  7966 | D:11     | Reached skill level 10 in Fighting
  7966 | D:11     | Reached skill level 10 in Armour
  8065 | D:11     | Noticed a two-headed ogre
  8073 | D:11     | Killed a two-headed ogre
  8074 | D:11     | Reached skill level 11 in Axes
  8552 | D:11     | Noticed a boulder beetle
  8564 | D:11     | Killed a boulder beetle
  8702 | Lair:1   | Entered Level 1 of the Lair of Beasts
  8873 | Lair:1   | Reached XP level 12. HP: 71/79 MP: 12/12
  8878 | Lair:1   | Reached skill level 12 in Axes
  9452 | Lair:2   | Found a dark tunnel.
  9489 | Volcano  | Entered a volcano
  9663 | Volcano  | Noticed a two-headed ogre
  9667 | Volcano  | Killed a two-headed ogre
  9673 | Volcano  | Found a burning altar of Makhleb.
  9673 | Volcano  | Noticed a two-headed ogre
  9673 | Volcano  | Noticed an ogre mage
  9673 | Volcano  | Noticed a two-headed ogre
  9688 | Volcano  | Killed an ogre mage
  9693 | Volcano  | Killed a two-headed ogre
  9699 | Volcano  | Killed a two-headed ogre
  9738 | Volcano  | Noticed a two-headed ogre
  9781 | Volcano  | Identified a scroll of acquirement
  9783 | Volcano  | Acquired 736 gold pieces
  9883 | Volcano  | Noticed a hell knight
  9896 | Volcano  | Killed a hell knight
  9897 | Volcano  | Reached skill level 13 in Axes
  9943 | Volcano  | Killed a two-headed ogre
  9968 | Volcano  | Got the Lectures on Exhumation
 10439 | Lair:2   | Found a staircase to the Swamp.
 10449 | Lair:2   | Reached XP level 13. HP: 86/86 MP: 13/13
 11082 | Lair:3   | Reached skill level 14 in Axes
 11256 | Lair:3   | Found a staircase to the Snake Pit.
 11257 | Lair:3   | Noticed Amaemon
 11292 | Lair:3   | Killed Amaemon
 11979 | Lair:4   | Reached skill level 15 in Axes
 12331 | Lair:4   | Found a staircase to the Slime Pits.
 12356 | Slime:1  | Entered Level 1 of the Pits of Slime
 12366 | Slime:1  | Gained mutation: Your large and strong wings let you fly.
                  | [Gargoyle growth]
 12366 | Slime:1  | Reached XP level 14. HP: 94/94 MP: 14/14
 12480 | Lair:4   | Demolished by an enormous slime creature

Illustrated notes

Levels and vault maps discovered:
D:1:      dpeg_arrival_ternary, layout_loops_ring,
          dreamdust_ecumenical_altar_statues, nicolae_grassy_gnolls
D:2:      layout_basic, basic_altar, nicolae_concentric_dashed_squares_wild
D:3:      layout_loops_ring, nicolae_shop_vocational
D:4:      layout_rooms, gammafunk_ghost_split,
          hangedman_abyss_or_decor_lesser_grid, minmay_quadrilaterals,
          uniq_blork_the_orc, uniq_sigmund
D:5:      black_bear_nest_2, layout_loops_corners
D:6:      layout_loops_ring, nicolae_ossuary_entry_monument,
          nicolae_shop_fire_sale [nicolae_sub_dead_trees], guppyfry_shop_venom
D:7:      layout_loops_corners, minmay_temple_entry_junction_2, serial_shops,
          nicolae_shop_crystal
D:8:      layout_rooms, amethyst_overflow_temple_binary,
          dancing_weapons_uskayaw, uniq_gastronok
D:9:      layout_layer_cave, mainiacjoe_overflow_big_doors,
          nzn_wu_jian_contemplation, minivault_13
D:10:     layout_irregular_city, lair_entry_dummy, minmay_orc_entry_guard_dogs
D:11:     layout_layer_cave
Lair:1:   layout_regular_city, nicolae_quartered_pool_little
Lair:2:   layout_regular_city, skrybe_swamp_entry_bodies,
          nicolae_volcano_entry_two_sided, evilmike_ambush
          [evilmike_ambush_outer_corners, evilmike_ambush_inner_pond]
Lair:3:   layout_roguey, dummy_snake_entry, st_stairs_6, grunt_megastairs_1,
          uniq_amaemon
Lair:4:   layout_cave_shapes, slime_entry_1, special_room [special_room_bee],
          serial_bayou_pond_a
Slime:1:  layout_caves

Skill      XL: |  1  2  3  4  5  6  7  8  9 10 11 12 13 |
---------------+----------------------------------------+-----
Axes           | 1 3 4 6 8 10 11 13 15 | 15.2
Shields        | 4 5 |  5.0
Fighting       | 4 5 6 8 9 10 12 13 | 13.4
Armour         | 4 5 6 8 9 10 12 13 | 13.4
Maces & Flails | |  2.5

Action                   |  1- 3 |  4- 6 |  7- 9 | 10-12 | 13-15 || total
-------------------------+-------+-------+-------+-------+-------++-------
Melee: Flail             |    18 |       |       |       |       ||    18
       War axe           |    50 |    67 |   228 |   351 |   283 ||   979
Throw: Dart              |       |       |       |    13 |       ||    13
       Throwing net      |       |       |       |     1 |       ||     1
Evoke: Wand              |       |       |       |     8 |     1 ||     9
  Use: Scroll            |     8 |     2 |    20 |     7 |     4 ||    41
       Potion            |       |       |       |     5 |     2 ||     7
 Stab: Distracted        |       |       |     2 |       |       ||     2
       Held in net/web   |       |       |       |     2 |       ||     2
Armor: Scale mail        |    19 |       |       |       |       ||    19
       Chain mail        |    10 |    26 |   123 |    81 |       ||   240
       Plate armour      |       |       |       |   121 |   148 ||   269
Dodge: Dodged            |    19 |    26 |   131 |   196 |   138 ||   510
Block: Buckler           |    13 |    16 |   108 |   147 |    93 ||   377

Table legend: (Time is in decaauts)
 A = Elapsed time spent in this place.
 B = Non-inter-level travel time spent in this place.
 C = Inter-level travel time spent in this place.
 D = Time resting spent in this place.
 E = Time spent auto-exploring this place.
 F = Levels seen in this place.
 G = Mean time per level.
                   A        B        C        D        E       F      G
               +--------+--------+--------+--------+--------+-----+--------+
         Total |  12518 |  11893 |    625 |    898 |   8187 |  18 |  695.4 |
       Dungeon |   8437 |   8013 |    424 |    692 |   5757 |  11 |  767.0 |
          Lair |   3078 |   2878 |    200 |    151 |   2019 |   4 |  769.5 |
    Slime Pits |     19 |     19 |      0 |      0 |      0 |   1 |   19.0 |
       Ossuary |    440 |    440 |      0 |      0 |    309 |   1 |  440.0 |
       Volcano |    543 |    543 |      0 |     55 |    102 |   1 |  543.0 |
               +--------+--------+--------+--------+--------+-----+--------+

Top non-repeatable levels by time:
     D:7: 1519 daAuts
  Lair:3: 1093 daAuts
  Lair:2: 1002 daAuts
     D:3: 977 daAuts
     D:1: 912 daAuts
     D:5: 884 daAuts
    D:10: 848 daAuts
    D:11: 802 daAuts
     D:4: 716 daAuts
  Lair:1: 664 daAuts
     D:2: 660 daAuts
     D:6: 554 daAuts
 Volcano: 543 daAuts
     D:9: 460 daAuts
 Ossuary: 440 daAuts
